 Dungeon Crawl Stone Soup version 0.21-a0-460-g737a915 (webtiles) character file.

24224 4thArraOfDagon the Arsonist (level 13, 0/93 HPs)
             Began as a Barachi Fire Elementalist on Nov 18, 2017.
             Was a High Priest of Vehumet.
             Hit by a large rock thrown by a cyclops (46 damage)
             ... on level 2 of the Orcish Mines on Nov 20, 2017.
             The game lasted 00:46:53 (6549 turns).

4thArraOfDagon the Arsonist (BaFE)                  Turns: 6549, Time: 00:46:54

Health: 0/93       AC:  7    Str: 12    XL:     13   Next: 11%
Magic:  26/26      EV: 11    Int: 29    God:    Vehumet [*****.]
Gold:   1450       SH:  0    Dex: 13    Spells: 13/31 levels left

rFire    + . .     SeeInvis .   B - +3 dagger (venom)
rCold    + + .     Gourm    .   (no shield)
rNeg     . . .     Faith    .   H - quicksilver dragon scales
rPois    .         Spirit   .   (helmet restricted)
rElec    .         Reflect  .   t - scarf {rC+ rF+}
rCorr    .         Harm     .   (no gloves)
MR       ++...                  d - +0 pair of boots
Stlth    +.........             (no amulet)
HPRegen  0.25/turn              n - +3 ring of intelligence
MPRegen  0.20/turn              p - +6 ring of intelligence

@: slow
A: +LOS, swims, horns 1, cold resistance 1, deformed body, magic resistance 1,
sense surroundings 1, slowness 1, strong 1, evolution 1, strong legs 2
a: Hop, Renounce Religion


You were on level 2 of the Orcish Mines.
You worshipped Vehumet.
Vehumet was extremely pleased with you.
You were not hungry.

You visited 2 branches of the dungeon, and saw 16 of its levels.

You collected 1450 gold pieces.

Inventory:

Hand Weapons
 f - a +0 hunting sling
 B - a +3 dagger of venom (weapon)
 T - a +1 war axe of electrocution
Missiles
 g - 133 stones (quivered)
 G - 4 poisoned javelins
Armour
 d - a +0 pair of boots (worn)
 t - a scarf of resistance (worn)
 v - a +2 robe of magic resistance
 H - quicksilver dragon scales (worn)
 K - a +0 helmet
Jewellery
 n - a +3 ring of intelligence (left hand)
 p - a +6 ring of intelligence (right hand)
 w - a +3 ring of protection
 P - an uncursed ring of protection from fire
Wands
 i - a wand of iceblast (6)
 k - a wand of flame (10)
 I - a wand of polymorph (13)
 R - a wand of scattershot (4)
 S - a wand of disintegration (12)
Scrolls
 h - a scroll of immolation {unknown}
 j - a scroll of fog {unknown}
 m - 2 scrolls of remove curse {unknown}
 s - a scroll of recharging {unknown}
 y - 2 scrolls of magic mapping {unknown}
 C - 3 scrolls of teleportation {unknown}
 D - a scroll of random uselessness {unknown}
 E - a scroll of fear
 F - a scroll of enchant armour {unknown}
 L - a scroll of noise {unknown}
 M - 2 scrolls of enchant weapon {unknown}
Potions
 e - a potion of degeneration
 l - a potion of resistance {unknown}
 o - 4 potions of curing
 q - a potion of lignification
 r - 3 potions of might {unknown}
 u - a potion of heal wounds {unknown}
 x - 3 potions of flight
 A - a potion of agility {unknown}
 J - a potion of cancellation {unknown}
 O - a potion of berserk rage {unknown}
 Q - a potion of mutation {unknown}
Books
 b - a book of Flames

   Spells                             Type                      Level
   a - Flame Tongue                   Conjuration/Fire             1
   b - Throw Flame                    Conjuration/Fire             2
   c - Conjure Flame                  Conjuration/Fire             3
   d - Inner Flame                    Hexes/Fire                   3
   e - Sticky Flame                   Conjuration/Fire             4
   f - Fireball                       Conjuration/Fire             5
Comestibles
 a - 2 chunks of flesh
 c - 5 bread rations
 z - 6 meat rations
 N - 5 royal jellies


   Skills:
 - Level 6.1 Fighting
 - Level 4.2 Armour
 - Level 2.1 Dodging
 - Level 1.7 Stealth
 + Level 9.6 Spellcasting
 * Level 13.9 Conjurations
 * Level 14.2 Fire Magic


You had 13 spell levels left.
You knew the following spells:

 Your Spells              Type           Power        Failure   Level  Hunger
a - Flame Tongue          Conj/Fire      #####        1%          1    None
b - Conjure Flame         Conj/Fire      #######.     1%          3    None
c - Sticky Flame          Conj/Fire      #######.     1%          4    None
d - Fireball              Conj/Fire      #######...   1%          5    ###....
e - Bolt of Magma         Conj/Fire/Erth ######....   1%          5    ###....


Dungeon Overview and Level Annotations

Branches:
Dungeon (14/15)              Lair (0/6) D:9             Orc (2/2) D:10
    Elf (0/3) Orc:2
 Temple: D:4-7       Vaults: D:13-14

Altars:
Ashenzari
Cheibriados
Gozag
Kikubaaqudgha
Makhleb
Nemelex Xobeh
Sif Muna
Uskayaw
Vehumet
Wu Jian
Yredelemnul
Zin
Beogh

Shops:
D:2 *   D:8 (   D:9 [   Orc:2 [


Innate Abilities, Weirdness & Mutations

Shadows flee at your approach. (+LOS)
You can swim through water.
You cover ground slowly.
You can hop longer distances.
You have a pair of small horns on your head.
Your flesh is cold resistant. (rC+)
Armour fits poorly on your strangely shaped body.
You are resistant to hostile enchantments. (MR+)
You passively map a small area around you.
Your muscles are strong. (Str +2)
You evolve.


Message History

The orc is severely wounded.
The orc hits you but does no damage.
You hit the orc.
You kill the orc!
Vehumet accepts your kill.
You feel your power returning.
Things that are here:
a hand axe; an orc corpse
Found a roughly hewn altar of Beogh.
There is an open door here.
An orc comes into view. It is wielding a mace.
A cyclops comes into view.
The orc shouts!
The cyclops shouts!
The cyclops throws a large rock.
The large rock hits you!
You see here a large rock.
An orc priest comes into view. It is wielding a hand axe.
Unknown command.
Unknown command.
The cyclops throws a large rock.
The large rock hits you!!!
You die...

)).)...........o#####.
))†.........C........
.[...............#..,
......#####......... *
.....##...##........
.....#.._..#.....o# ,
.....#.....#......##
.)...#.....#.......##
.....##...##...#@(..##
#.....##'##..........#
....................#.##
.......................#
.......................#
........#....###.#....##
.........##.## ####....#
.)........### *##.##
.........## *##


You could see a cyclops, an orc priest (wandering) and an orc.

Vanquished Creatures
  An orc warlord (Orc:1)
  2 ettins (Orc:1)
  3 hydras
  5 two-headed ogres
  2 orc knights (Orc:1)
  2 ugly things
  2 orc sorcerers (Orc:2)
  An elephant (D:9)
  2 trolls (Orc:1)
  A hornet (D:12)
  A slime creature (D:12)
  A hippogriff (D:9)
  2 dream sheep (D:10)
  20 yaks
  A vampire (D:13)
  A hungry ghost (D:10)
  A basilisk (D:9)
  5 wargs
  A water moccasin (D:8)
  3 sky beasts
  22 orc warriors
  2 hornet zombies
  4 ice beasts
  5 ogres
  2 phantoms
  A black bear (D:9)
  3 crocodiles
  3 centaurs
  4 big kobolds
  6 bullfrogs
  A wyvern skeleton (D:6)
  A scorpion (D:9)
  3 killer bees (D:9)
  5 howler monkeys
  3 wights (D:6)
  The ghost of 4thArraOfDagon the Firebug, a weakling BaFE (D:3)
  2 crimson imps
  A quasit (D:9)
  2 bullfrog skeletons
  3 centaur skeletons
  7 jellies
  A centaur zombie (D:6)
  23 orc priests
  5 hounds
  5 iguanas
  25 orc wizards
  5 worker ants
  A worker ant zombie (D:5)
  8 adders
  An adder skeleton (D:9)
  2 adder zombies
  A dart slug (D:4)
  2 leopard geckos
  82 orcs
  3 bats
  4 giant cockroaches
  7 goblins
  A hobgoblin (D:1)
  22 jackals
  8 kobolds
  2 quokkas (D:7)
  A ball python (D:1)
  2 frilled lizards
  A leopard gecko zombie (D:5)
  A quokka skeleton (D:4)
  3 rats
354 creatures vanquished.

Notes
Turn   | Place    | Note
-------+----------+-------------------------------------------
     0 | D:1      | 4thArraOfDagon the Barachi Fire Elementalist began the quest for the Orb.
     0 | D:1      | Reached XP level 1. HP: 13/13 MP: 3/3
   166 | D:2      | Found Zin's Purification Station.
   169 | D:2      | Found a glowing silver altar of Zin.
   247 | D:3      | Reached XP level 2. HP: 19/19 MP: 5/5
   256 | D:3      | Noticed 4thArraOfDagon's ghost (weakling BaFE)
   280 | D:3      | Found an ancient bone altar of Kikubaaqudgha.
   300 | D:3      | Found a radiant altar of Vehumet.
   312 | D:3      | Became a worshipper of Vehumet
   356 | D:2      | Reached XP level 3. HP: 23/24 MP: 1/6
   361 | D:2      | Learned a level 3 spell: Conjure Flame
   638 | D:1      | Reached skill level 4 in Fire Magic
   709 | D:2      | You fall through a shaft!
   709 | D:3      | Found a hide-covered altar of Uskayaw.
   709 | D:3      | Noticed a hand axe
   709 | D:3      | Noticed a dagger
   770 | D:3      | Killed 4thArraOfDagon's ghost
   770 | D:3      | Reached XP level 4. HP: 25/30 MP: 1/8
   784 | D:3      | Learned a level 4 spell: Sticky Flame
   829 | D:3      | Noticed an ogre
   854 | D:3      | Killed an ogre
   854 | D:3      | Reached XP level 5. HP: 35/35 MP: 0/9
   951 | D:4      | Noticed an ogre
   966 | D:4      | Reached skill level 5 in Fire Magic
   978 | D:4      | Killed an ogre
   978 | D:4      | Reached * piety under Vehumet
   978 | D:4      | Offered knowledge of Freeze by Vehumet.
   978 | D:4      | Reached XP level 6. HP: 41/41 MP: 1/11
  1096 | D:4      | Found a shattered altar of Ashenzari.
  1136 | D:4      | Noticed a phantom
  1152 | D:4      | Killed a phantom
  1152 | D:4      | Reached skill level 5 in Conjurations
  1152 | D:4      | Reached XP level 7. HP: 39/46 MP: 1/12
  1216 | D:4      | Found a snail-covered altar of Cheibriados.
  1256 | D:4      | Found an opulent altar of Gozag.
  1264 | D:4      | Found a basalt altar of Yredelemnul.
  1303 | D:5      | Entered Level 5 of the Dungeon
  1306 | D:5      | Reached skill level 6 in Fire Magic
  1356 | D:5      | Learned a level 5 spell: Fireball
  2014 | D:5      | Reached skill level 7 in Fire Magic
  2014 | D:5      | Reached XP level 8. HP: 31/52 MP: 9/14
  2054 | D:6      | p0werm0de: sup dudez
  2062 | D:6      | Offered knowledge of Magic Dart by Vehumet.
  2064 | D:6      | Reached ** piety under Vehumet
  2170 | D:7      | 4thArraOfDagon: supsup
  2375 | D:7      | Reached skill level 5 in Spellcasting
  2509 | D:6      | Reached skill level 8 in Fire Magic
  2510 | D:6      | Reached skill level 1 in Armour
  2611 | D:6      | Found a hide-covered altar of Uskayaw.
  2729 | D:6      | Reached XP level 9. HP: 55/57 MP: 10/16
  2773 | D:7      | Found a burning altar of Makhleb.
  2845 | D:7      | Found a sparkling altar of Nemelex Xobeh.
  2909 | D:8      | Noticed a two-headed ogre
  2972 | D:8      | Killed a two-headed ogre
  2972 | D:8      | Offered knowledge of Throw Frost by Vehumet.
  2972 | D:8      | Reached skill level 9 in Fire Magic
  3024 | D:8      | Found Tatwohom's Weapon Emporium.
  3134 | D:8      | Found a deep blue altar of Sif Muna.
  3239 | D:9      | Gained mutation: You evolve. [mutagenic meat]
  3240 | D:9      | Gained mutation: You are resistant to hostile enchantments. (MR+) [mutagenic meat]
  3241 | D:9      | Gained mutation: Your flesh is cold resistant. (rC+) [mutagenic meat]
  3242 | D:9      | Gained mutation: Your muscles are strong. (Str +2) [mutagenic meat]
  3243 | D:9      | Gained mutation: You passively map a small area around you. [mutagenic meat]
  3244 | D:9      | Gained mutation: Armour fits poorly on your strangely shaped body. [mutagenic meat]
  3256 | D:9      | Found Vuaffuam's Armour Shop.
  3285 | D:9      | Reached *** piety under Vehumet
  3313 | D:9      | Reached XP level 10. HP: 26/63 MP: 4/19
  3418 | D:9      | Reached skill level 1 in Fighting
  3522 | D:9      | Reached skill level 10 in Fire Magic
  3627 | D:9      | Gained mutation: You have a pair of small horns on your head. [evolution]
  3641 | D:9      | Offered knowledge of Force Lance by Vehumet.
  3672 | D:9      | Found a staircase to the Lair.
  3678 | D:9      | Noticed an elephant
  3689 | D:9      | Killed an elephant
  3761 | D:10     | Entered Level 10 of the Dungeon
  3767 | D:10     | Reached skill level 10 in Conjurations
  3990 | D:10     | Found a staircase to the Orcish Mines.
  3999 | D:10     | Reached **** piety under Vehumet
  3999 | D:10     | Reached skill level 11 in Fire Magic
  4060 | D:10     | Upgraded the game from 0.21-a0-450-gd87a9b2 to 0.21-a0-460-g737a915
  4076 | D:10     | Reached XP level 11. HP: 61/77 MP: 11/21
  4080 | D:10     | Offered knowledge of Olgreb's Toxic Radiance by Vehumet.
  4124 | D:10     | Noticed a three-headed hydra
  4132 | D:10     | Killed a three-headed hydra
  4275 | D:10     | Noticed a five-headed hydra
  4283 | D:10     | Killed a five-headed hydra
  4503 | D:11     | Reached skill level 5 in Fighting
  4509 | D:11     | Noticed a six-headed hydra
  4518 | D:11     | Killed a six-headed hydra
  4586 | D:11     | Noticed a two-headed ogre
  4597 | D:11     | Killed a two-headed ogre
  4597 | D:11     | Reached skill level 12 in Fire Magic
  4602 | D:11     | Found an ornate altar of the Wu Jian Council.
  4651 | D:11     | Noticed a purple ugly thing
  4670 | D:11     | Killed a purple ugly thing
  4712 | D:11     | Noticed a manticore
  4727 | D:12     | Noticed a cyan ugly thing
  4732 | D:12     | Killed a cyan ugly thing
  4869 | D:12     | Reached ***** piety under Vehumet
  4874 | D:12     | Reached XP level 12. HP: 87/88 MP: 24/24
  4883 | D:12     | Offered knowledge of Bolt of Magma by Vehumet.
  4922 | D:12     | Learned a level 5 spell: Bolt of Magma
  5056 | D:13     | Noticed an eight-headed hydra
  5149 | D:12     | Noticed a two-headed ogre
  5150 | D:12     | Killed a two-headed ogre
  5216 | D:13     | Noticed a two-headed ogre
  5220 | D:13     | Killed a two-headed ogre
  5331 | D:13     | Reached skill level 13 in Fire Magic
  5373 | D:13     | Noticed a centaur warrior
  5419 | Orc:1    | Entered Level 1 of the Orcish Mines
  5453 | Orc:1    | Noticed an ettin
  5456 | Orc:1    | Killed an ettin
  5552 | Orc:1    | Found a roughly hewn altar of Beogh.
  5558 | Orc:1    | Noticed an orc warlord
  5645 | Orc:1    | Killed an orc warlord
  5872 | Orc:1    | Noticed an ettin
  5878 | Orc:1    | Killed an ettin
  5923 | Orc:1    | Noticed a two-headed ogre
  5932 | Orc:1    | Killed a two-headed ogre
  5991 | Orc:2    | Entered Level 2 of the Orcish Mines
  6036 | Orc:2    | Reached skill level 14 in Fire Magic
  6036 | Orc:2    | Gained mutation: You can hop longer distances. [Barachi growth]
  6036 | Orc:2    | Reached XP level 13. HP: 93/93 MP: 10/26
  6113 | Orc:2    | Found a roughly hewn altar of Beogh.
  6113 | Orc:2    | Found Muxah's Armour Emporium.
  6176 | Orc:2    | Found a staircase to the Elven Halls.
  6200 | Orc:1    | Noticed an orc warlord
  6353 | Orc:2    | Found a roughly hewn altar of Beogh.
  6462 | Orc:2    | Offered knowledge of Iron Shot by Vehumet.
  6535 | Orc:2    | Found a roughly hewn altar of Beogh.
  6549 | Orc:2    | Hit by a large rock thrown by a cyclops

Vault maps used:
D:1:      minmay_arrival_loop, serial_glass, glass_columns_a, glass_columns_b
D:2:      zin_purify
D:3:      vehumet_crystals, dancing_weapons_uskayaw, overflow_temple_1_default
D:4:      kennysheep_slug_shrine, kennysheep_mini_moat, grunt_gozag_breadcrumbs,
          minmay_temple_entry_nine_rooms, first_bread, ashenzari_altar_1
D:5:      dk_noncrumbling_2
D:6:      basic_altar
D:7:      makhleb_altar_promises_db, nemelex_altar_shiori
D:8:      nicolae_ru_path_of_blood, nicolae_qazlal_eye_of_the_storm,
          lemuel_round_altar, serial_shops, shop
D:9:      david_lair_generic, serial_shops, shop_fountains
D:10:     minmay_orc_entry_guard_dogs, hangedman_ranch
D:11:     basic_altar
D:14:     erik_vaults_1, nicolae_tso_carved_into_rock
Orc:1:    special_room, basic_altar, uniq_erica
Orc:2:    grunt_orc_community_town_hall, grunt_orc_community_big_house_2,
          grunt_orc_community_big_house_1, grunt_orc_community_house_1,
          grunt_orc_community_house_1, grunt_orc_community_house_3,
          grunt_orc_community_house_1, serial_shops, shop

Skill      XL: |  1  2  3  4  5  6  7  8  9 10 11 12 |
---------------+-------------------------------------+-----
Conjurations   | 2 3 4 5 6 7 9 10 12 13 | 13.9
Fire Magic     | 4 5 7 8 9 11 12 14 | 14.2
Spellcasting   | 3 4 5 6 7 8 9 |  9.6
Armour         | 1 4 |  4.2
Fighting       | 4 6 |  6.1
Dodging        | |  2.1
Stealth        | |  1.7

Action                   |  1- 3 |  4- 6 |  7- 9 | 10-12 | 13-15 || total
-------------------------+-------+-------+-------+-------+-------++-------
Melee: Dagger            |       |       |   112 |   219 |    68 ||   399
       Headbutt          |       |       |       |    27 |     9 ||    36
 Fire: Hunting sling     |    18 |    40 |    45 |       |       ||   103
Throw: Stone             |       |       |     2 |       |       ||     2
 Cast: Flame Tongue      |    33 |    33 |    94 |    68 |       ||   228
       Conjure Flame     |       |     2 |    12 |    38 |       ||    52
       Sticky Flame      |       |       |    29 |    44 |    10 ||    83
       Fireball          |       |       |       |    35 |    14 ||    49
       Bolt of Magma     |       |       |       |    15 |     4 ||    19
 Abil: Hop               |       |     1 |       |     5 |       ||     6
Evoke: Wand              |       |     1 |     4 |    17 |       ||    22
  Use: Scroll            |     1 |     1 |     7 |     1 |       ||    10
       Potion            |       |       |     2 |       |       ||     2
  Eat: Chunk             |       |     1 |    13 |     5 |     4 ||    23
       Royal jelly       |       |       |     1 |     2 |       ||     3
       Fruit             |       |       |     4 |    13 |       ||    17
Armor: Robe              |     5 |     2 |     8 |       |       ||    15
       Quicksilver drago |       |       |    56 |    87 |    28 ||   171
Dodge: Dodged            |    11 |     7 |    88 |   138 |    38 ||   282

Table legend:
 A = Spawn XP
 B = Non-spawn XP
 C = Spawn XP percentage of total XP
 D = Spawn monster count
 E = Non-spawn monster count
 F = Spawn count percentage of total count
 G = Total turns spent on level
                    A         B        C        D         E        F      G
               +---------+---------+-------+---------+---------+-------+---------
         Total |       0 |   34606 |   0.0 |       0 |     354 |   0.0 |  6549
               +---------+---------+-------+---------+---------+-------+---------
           D:1 |       0 |      25 |   0.0 |       0 |      15 |   0.0 |   421
           D:2 |       0 |       4 |   0.0 |       0 |       3 |   0.0 |   138
           D:3 |       0 |     227 |   0.0 |       0 |      15 |   0.0 |   402
           D:4 |       0 |     427 |   0.0 |       0 |      17 |   0.0 |   383
           D:5 |       0 |     585 |   0.0 |       0 |      23 |   0.0 |   708
           D:6 |       0 |     641 |   0.0 |       0 |      13 |   0.0 |   381
           D:7 |       0 |     597 |   0.0 |       0 |      19 |   0.0 |   466
           D:8 |       0 |    1513 |   0.0 |       0 |      13 |   0.0 |   301
           D:9 |       0 |    2567 |   0.0 |       0 |      42 |   0.0 |   561
          D:10 |       0 |    5804 |   0.0 |       0 |      31 |   0.0 |   864
          D:11 |       0 |    3701 |   0.0 |       0 |      25 |   0.0 |   285
          D:12 |       0 |    4605 |   0.0 |       0 |      21 |   0.0 |   479
          D:13 |       0 |    1945 |   0.0 |       0 |       7 |   0.0 |   177
         Orc:1 |       0 |    8769 |   0.0 |       0 |      52 |   0.0 |   459
         Orc:2 |       0 |    3196 |   0.0 |       0 |      58 |   0.0 |   522
               +---------+---------+-------+---------+---------+-------+---------
